[Event "GER-ch Youth-U14w 2022"]
[Site "Willingen"]
[Date "2022.06.05"]
[Round "2.5"]
[White "Stepanjan, Marianne"]
[Black "Bezsonna, Polina"]
[Result "1/2-1/2"]
[ECO "B72"]
[WhiteElo "1489"]
[BlackElo "1511"]
[Annotator "NA RC COMBH"]
[PlyCount "110"]
[EventDate "2022.06.05"]
[EventType "swiss"]
[EventRounds "9"]
[EventCountry "GER"]
[SourceTitle "playchess.com"]
[Source "ChessBase"]
[SourceQuality "1"]
[TimeControl "40/4500+30:900+30"]

1. e4 c5 2. Nf3 Nc6 3. d4 cxd4 4. Nxd4 g6 5. Nc3 Bg7 6. Be3 Nf6 7. Be2 O-O 8. Qd2 d6 9. O-O-O Bd7 10. h4 h5 11. f3 Ne5 12. Rdg1 Qc8 13. Qd1 Rb8 14. Bg5 Kh7 15. Bxf6 Bxf6 16. Nd5 Rh8 17. Nxf6+ exf6 18. g4 hxg4 19. fxg4 Kg7 20. g5 fxg5 21. Rxg5 Qc5 22. Rgg1 Nc6 23. Nf5+ Bxf5 24. exf5 Qxf5 25. Qxd6 Rbd8 26. Qg3 Qa5 27. Bc4 Qe5 28. Qf3 Rd7 29. h5 Rh6 30. hxg6 Rxg6 31. Rxg6+ fxg6 32. Rg1 Re7 33. Qg3 Qxg3 34. Rxg3 Ne5 35. Bd5 Kf6 36. Ra3 b6 37. c4 g5 38. Kd2 g4 39. Rg3 Kg5 40. Re3 Re8 41. Ke2 Kh4 42. Kf2 Rf8+ 43. Kg2 Ng6 44. b4 Nf4+ 45. Kh1 g3 46. Re7 Rd8 47. Rh7+ Kg5 48. Rg7+ Kh6 49. Rxg3 Nxd5 50. Rd3 Kg5 51. cxd5 Kf5 52. d6 Ke6 53. Ra3 Ra8 54. Rd3 Rd8 55. Ra3 Kd5 1/2-1/2

[Event "GER-ch Youth-U14w 2022"]
[Site "Willingen"]
[Date "2022.06.05"]
[Round "2.6"]
[White "Jacobasch, Ronja"]
[Black "Ottlik, Marie"]
[Result "1-0"]
[ECO "A00"]
[WhiteElo "1441"]
[BlackElo "1442"]
[Annotator "NA RC COMBH"]
[PlyCount "65"]
[EventDate "2022.06.05"]
[EventType "swiss"]
[EventRounds "9"]
[EventCountry "GER"]
[SourceTitle "playchess.com"]
[Source "ChessBase"]
[SourceQuality "1"]
[TimeControl "40/4500+30:900+30"]

1. g3 c5 2. Bg2 e5 3. c3 Nc6 4. e3 Nf6 5. Ne2 d5 6. O-O Be7 7. d4 O-O 8. dxe5 Nxe5 9. Nf4 Be6 10. Nxe6 fxe6 11. Qc2 Qe8 12. Nd2 Qg6 13. Qxg6 Nxg6 14. e4 Rad8 15. Re1 Rf7 16. a3 Ng4 17. f3 Nf6 18. e5 Nd7 19. f4 c4 20. Nf3 h6 21. Be3 Bc5 22. Nd4 Re7 23. Bh3 Ngf8 24. Re2 a6 25. a4 Rb8 26. Rb1 Bb6 27. b4 cxb3 28. Rxb3 Ba5 29. Reb2 Nc5 30. Ra3 Ne4 31. Nc6 Nxc3 32. Nxe7+ Kf7 33. Nc6 1-0

[Event "GER-ch Youth-U14w 2022"]
[Site "Willingen"]
[Date "2022.06.05"]
[Round "2.7"]
[White "Bursan, Ana-Maria"]
[Black "Reich, Elisabeth"]
[Result "0-1"]
[ECO "B30"]
[WhiteElo "1329"]
[BlackElo "1457"]
[Annotator "NA RC COMBH"]
[PlyCount "90"]
[EventDate "2022.06.05"]
[EventType "swiss"]
[EventRounds "9"]
[EventCountry "GER"]
[SourceTitle "playchess.com"]
[Source "ChessBase"]
[SourceQuality "1"]
[TimeControl "40/4500+30:900+30"]

1. e4 c5 2. Nf3 Nc6 3. Bc4 e6 4. c3 d5 5. exd5 exd5 6. Bb5 Bd7 7. O-O Nf6 8. d4 Be7 9. dxc5 Bxc5 10. Bxc6 bxc6 11. Re1+ Be7 12. Bg5 O-O 13. Ne5 Re8 14. Nd2 h6 15. Bh4 Rb8 16. b3 Qc8 17. Nxd7 Qxd7 18. Qf3 Ne4 19. Nxe4 Bxh4 20. Ng3 Bxg3 21. Qxg3 Rxe1+ 22. Rxe1 Re8 23. Rd1 Qe7 24. h3 Qe2 25. Rd3 Qxa2 26. Qc7 Qb1+ 27. Rd1 Qxd1+ 28. Kh2 Qxb3 29. Qxc6 Rf8 30. Qc7 Qb8 31. Qxb8 Rxb8 32. Kg3 a5 33. Kf4 a4 34. Ke5 a3 35. Kxd5 a2 36. c4 a1=Q 37. c5 Qa5 38. Kd6 Rc8 39. c6 Qc7+ 40. Kd5 Qxc6+ 41. Kd4 Re8 42. Kd3 Qd7+ 43. Kc3 Rc8+ 44. Kb3 Qb7+ 45. Ka4 Ra8# 0-1

[Event "GER-ch Youth-U14w 2022"]
[Site "Willingen"]
[Date "2022.06.05"]
[Round "2.8"]
[White "Mueller, Riyanna"]
[Black "Trunz, Michelle"]
[Result "0-1"]
[ECO "B22"]
[WhiteElo "1521"]
[BlackElo "1708"]
[Annotator "NA RC COMBH"]
[PlyCount "74"]
[EventDate "2022.06.05"]
[EventType "swiss"]
[EventRounds "9"]
[EventCountry "GER"]
[SourceTitle "playchess.com"]
[Source "ChessBase"]
[SourceQuality "1"]
[TimeControl "40/4500+30:900+30"]

1. e4 c5 2. c3 e6 3. d4 d5 4. exd5 exd5 5. Nf3 Nc6 6. Bb5 Bd6 7. O-O Nf6 8. Re1+ Be6 9. Bg5 O-O 10. Ne5 Qb6 11. Qe2 Ne4 12. Bxc6 Nxg5 13. dxc5 Bxc5 14. Ba4 Ne4 15. Nd3 Bd6 16. Nd2 Nxd2 17. Qxd2 d4 18. Ne5 dxc3 19. bxc3 Rfd8 20. Qe2 Qa5 21. Bb3 Bxb3 22. axb3 Qxc3 23. Nc4 Bb4 24. Rab1 h6 25. h3 Qf6 26. Red1 Re8 27. Qa2 Bc5 28. Rb2 b5 29. Na5 Bb6 30. Rbd2 Rad8 31. Nb7 Rxd2 32. Rxd2 Qc6 33. Nd6 Re1+ 34. Kh2 Bc7 35. Qa3 Re6 36. Qxa7 Bxd6+ 37. g3 Re1 0-1

[Event "GER-ch Youth-U14w 2022"]
[Site "Willingen"]
[Date "2022.06.05"]
[Round "2.9"]
[White "Steinlechner, Katja"]
[Black "Haug, Mara"]
[Result "0-1"]
[ECO "A45"]
[WhiteElo "1317"]
[BlackElo "1394"]
[Annotator "NA RC COMBH"]
[PlyCount "70"]
[EventDate "2022.06.05"]
[EventType "swiss"]
[EventRounds "9"]
[EventCountry "GER"]
[SourceTitle "playchess.com"]
[Source "ChessBase"]
[SourceQuality "1"]
[TimeControl "40/4500+30:900+30"]

1. d4 Nf6 2. Bf4 c5 3. c3 Qb6 4. Qb3 cxd4 5. Qxb6 axb6 6. cxd4 Nc6 7. Nf3 Nb4 8. Na3 Rxa3 9. bxa3 Nc2+ 10. Kd1 Nxa1 11. Kc1 e6 12. Kb1 Bxa3 13. Kxa1 Ne4 14. Be3 d5 15. Ne1 Bd7 16. Nc2 Be7 17. f3 Nd6 18. Bf4 O-O 19. Bxd6 Bxd6 20. e4 dxe4 21. fxe4 Rc8 22. e5 Bxe5 23. dxe5 Rxc2 24. Bd3 Rc5 25. Be4 Bc6 26. Rd1 g6 27. Bxc6 bxc6 28. Rd6 Kf8 29. Kb2 Ke7 30. Kb3 f6 31. Rd4 Rxe5 32. Ra4 Re3+ 33. Kb4 Re4+ 34. Kb3 Rxa4 35. Kxa4 Kd6 0-1

[Event "GER-ch Youth-U14w 2022"]
[Site "Willingen"]
[Date "2022.06.05"]
[Round "2.10"]
[White "Hergenroeder, Cora"]
[Black "Heuberger, Sandra"]
[Result "1/2-1/2"]
[ECO "D35"]
[WhiteElo "1453"]
[BlackElo "1101"]
[Annotator "NA RC COMBH"]
[PlyCount "66"]
[EventDate "2022.06.05"]
[EventType "swiss"]
[EventRounds "9"]
[EventCountry "GER"]
[SourceTitle "playchess.com"]
[Source "ChessBase"]
[SourceQuality "1"]
[TimeControl "40/4500+30:900+30"]

1. d4 d5 2. c4 e6 3. cxd5 exd5 4. Nc3 Nf6 5. Bg5 Be7 6. e3 O-O 7. Bd3 Bg4 8. Qb3 b6 9. Bxf6 Bxf6 10. Qxd5 Qxd5 11. Nxd5 Bd8 12. h3 Bc8 13. Rc1 c6 14. Nb4 Bb7 15. Be4 a5 16. Nxc6 Nxc6 17. Bxc6 Rc8 18. d5 Bf6 19. b3 Rfd8 20. e4 Bb2 21. Rc4 Ba6 22. Rc2 Bf6 23. Ne2 Bd3 24. Rd2 Bxe4 25. f3 Bh4+ 26. Kd1 Bg6 27. g3 Bg5 28. f4 Be4 29. Rh2 Be7 30. Nc3 Bf3+ 31. Kc1 Bc5 32. Rd3 Rxc6 33. Rxf3 Rcd6 1/2-1/2

[Event "GER-ch Youth-U14w 2022"]
[Site "Willingen"]
[Date "2022.06.05"]
[Round "2.11"]
[White "Brandt, Greta"]
[Black "Eichhorn, Mathilda"]
[Result "0-1"]
[ECO "A22"]
[WhiteElo "1458"]
[BlackElo "1330"]
[Annotator "NA RC COMBH"]
[PlyCount "88"]
[EventDate "2022.06.05"]
[EventType "swiss"]
[EventRounds "9"]
[EventCountry "GER"]
[SourceTitle "playchess.com"]
[Source "ChessBase"]
[SourceQuality "1"]
[TimeControl "40/4500+30:900+30"]

1. c4 e5 2. Nc3 Nf6 3. g3 d5 4. cxd5 Nxd5 5. Bg2 Nxc3 6. bxc3 Bc5 7. Nf3 e4 8. Qa4+ Nc6 9. Qxe4+ Be6 10. d4 Be7 11. O-O Bd5 12. Qc2 f6 13. e4 Bf7 14. Re1 O-O 15. Nh4 Re8 16. Nf5 Bf8 17. Qe2 Be6 18. Qf3 Qd7 19. Bb2 Na5 20. d5 Bxf5 21. Qxf5 Qxf5 22. exf5 Nc4 23. Rxe8 Rxe8 24. Rb1 Re2 25. Bc1 Re1+ 26. Bf1 Nd2 27. Bxd2 Rxb1 28. Kg2 Rd1 29. Be3 Bd6 30. Be2 Rb1 31. Kf3 Be5 32. Bc4 Kh8 33. Bf4 Bxf4 34. Kxf4 Rc1 35. Bb3 Rxc3 36. Ke4 Rc1 37. Ke3 Rh1 38. h4 g6 39. Kf4 Kg7 40. Kg4 Rf1 41. f3 gxf5+ 42. Kxf5 Rxf3+ 43. Ke6 Rxg3 44. Kd7 Rc3 0-1

[Event "GER-ch Youth-U14w 2022"]
[Site "Willingen"]
[Date "2022.06.05"]
[Round "2.12"]
[White "Marrufo, Emilia"]
[Black "Müller, Cosima"]
[Result "0-1"]
[ECO "A45"]
[WhiteElo "998"]
[BlackElo "1389"]
[Annotator "NA RC COMBH"]
[PlyCount "76"]
[EventDate "2022.06.05"]
[EventType "swiss"]
[EventRounds "9"]
[EventCountry "GER"]
[SourceTitle "playchess.com"]
[Source "ChessBase"]
[SourceQuality "1"]
[TimeControl "40/4500+30:900+30"]

1. d4 Nf6 2. Bf4 d5 3. e3 c5 4. c3 Nc6 5. Nf3 Qb6 6. Qc2 Bf5 7. Qb3 c4 8. Qxb6 axb6 9. Nbd2 b5 10. Be2 b4 11. b3 bxc3 12. Nf1 cxb3 13. e4 b2 14. Rb1 Bxe4 15. Rd1 c2 16. Rd2 b1=Q+ 17. Rd1 cxd1=Q+ 18. Bxd1 Bc2 19. Ne3 Bxd1 20. Nxd1 Rxa2 21. O-O Qf5 22. Bg3 Ra1 23. h3 Qd3 24. Ne3 Rxf1+ 25. Nxf1 Nxd4 26. N3d2 Ne2+ 27. Kh2 Nxg3 28. fxg3 Ne4 29. Nxe4 dxe4 30. Kg1 e3 31. Nh2 e2 32. Nf3 Qd1+ 33. Kf2 e6 34. g4 Bc5+ 35. Kg3 e1=Q+ 36. Nxe1 Qxe1+ 37. Kf3 Qf2+ 38. Ke4 Qe3# 0-1

[Event "GER-ch Youth-U14w 2022"]
[Site "Willingen"]
[Date "2022.06.05"]
[Round "2.13"]
[White "Modali, Nikhilamrutha"]
[Black "Margaryan, Sofia"]
[Result "0-1"]
[ECO "B01"]
[WhiteElo "1262"]
[BlackElo "1181"]
[Annotator "NA RC COMBH"]
[PlyCount "154"]
[EventDate "2022.06.05"]
[EventType "swiss"]
[EventRounds "9"]
[EventCountry "GER"]
[SourceTitle "playchess.com"]
[Source "ChessBase"]
[SourceQuality "1"]
[TimeControl "40/4500+30:900+30"]

1. e4 d5 2. exd5 Qxd5 3. Nc3 Qa5 4. d4 c6 5. Bd2 Bf5 6. Nf3 e6 7. Nh4 Bg6 8. Bc4 Qc7 9. Nxg6 hxg6 10. h3 Nd7 11. Ne4 O-O-O 12. Qf3 Ndf6 13. Bf4 Qd7 14. O-O-O Nxe4 15. Qxe4 Nf6 16. Qf3 Bd6 17. Bg5 Be7 18. Rhe1 Nd5 19. Bd2 Bf6 20. Ba5 Rde8 21. Qg3 Rh5 22. Qa3 Be7 23. Qf3 Rf8 24. g4 Rh6 25. Bxd5 exd5 26. Re2 Rhh8 27. Kb1 f5 28. Qg3 Bd6 29. Qg2 f4 30. f3 g5 31. Rde1 Re8 32. Qh2 Bc7 33. Bxc7 Kxc7 34. c3 Qf7 35. Re5 Rxe5 36. Rxe5 Qg6+ 37. Ka1 Re8 38. h4 Rxe5 39. dxe5 Qd3 40. a3 Qxf3 41. hxg5 Qxg4 42. g6 Qxg6 43. Qxf4 Kd7 44. Qe3 b6 45. Qh3+ Qe6 46. Qh5 Ke7 47. Qg5+ Kf8 48. Qd8+ Qe8 49. Qd6+ Qe7 50. Qxc6 Qxe5 51. Qa8+ Qe8 52. Qxa7 Qd8 53. Qa6 g5 54. Qf1+ Kg7 55. Qd3 Qf6 56. Qxd5 Qf1+ 57. Ka2 Qf7 58. c4 Qxd5 59. cxd5 Kf6 60. Kb3 g4 61. d6 Ke6 62. Kb4 g3 63. Kb5 g2 64. Kxb6 g1=Q+ 65. Kc6 Qd1 66. b4 Qxd6+ 67. Kb5 Qd3+ 68. Ka4 Kd6 69. Ka5 Qxa3+ 70. Kb5 Qa7 71. Kc4 Qb6 72. b5 Qc5+ 73. Kb3 Qxb5+ 74. Ka2 Kd5 75. Ka3 Kc4 76. Ka2 Kc3 77. Ka1 Qb2# 0-1

[Event "GER-ch Youth-U14w 2022"]
[Site "Willingen"]
[Date "2022.06.05"]
[Round "2.14"]
[White "Hoffmann, Sophia"]
[Black "Funke, Luise"]
[Result "1-0"]
[ECO "D02"]
[WhiteElo "1289"]
[BlackElo "970"]
[Annotator "NA RC COMBH"]
[PlyCount "61"]
[EventDate "2022.06.05"]
[EventType "swiss"]
[EventRounds "9"]
[EventCountry "GER"]
[SourceTitle "playchess.com"]
[Source "ChessBase"]
[SourceQuality "1"]
[TimeControl "40/4500+30:900+30"]

1. d4 d5 2. Nf3 e6 3. Bf4 Nf6 4. e3 Bd6 5. Bg3 c5 6. c4 b6 7. Nc3 O-O 8. Bd3 Nc6 9. O-O Bb7 10. Bh4 Be7 11. dxc5 bxc5 12. Bxf6 Bxf6 13. cxd5 exd5 14. Nxd5 Bxb2 15. Rb1 Nb4 16. Nxb4 cxb4 17. Rxb2 Qe7 18. e4 Rab8 19. Qb3 Bc8 20. a3 Be6 21. Qa4 b3 22. Nd4 Qg5 23. Nxe6 fxe6 24. Rxb3 Rbd8 25. Bc4 Rf6 26. Qxa7 Rg6 27. Rg3 Qh5 28. Bxe6+ Kh8 29. Bf7 Rd1 30. Qa8+ Rd8 31. Qxd8# 1-0

[Event "GER-ch Youth-U14w 2022"]
[Site "Willingen"]
[Date "2022.06.05"]
[Round "2.15"]
[White "Lorenz, Rebecca"]
[Black "Göb, Franziska"]
[Result "1-0"]
[ECO "C54"]
[WhiteElo "733"]
[BlackElo "1362"]
[Annotator "NA RC COMBH"]
[PlyCount "54"]
[EventDate "2022.06.05"]
[EventType "swiss"]
[EventRounds "9"]
[EventCountry "GER"]
[SourceTitle "playchess.com"]
[Source "ChessBase"]
[SourceQuality "1"]
[TimeControl "40/4500+30:900+30"]

1. e4 e5 2. Nf3 Nc6 3. Bc4 Bc5 4. c3 Nf6 5. d4 exd4 6. cxd4 Bb4+ 7. Nc3 Nxe4 8. O-O Bxc3 9. Qd3 d5 10. bxc3 O-O 11. Bb5 Qd6 12. Re1 Qg6 13. c4 Nb4 14. Qb3 Bh3 15. g3 Qf5 16. Re3 a5 17. cxd5 Nxd5 18. Rd3 c6 19. Ba3 Rfe8 20. Bc4 b5 21. Bxd5 cxd5 22. Qxb5 g5 23. Re1 g4 24. Ree3 gxf3 25. Rxf3 Qg6 26. Qxd5 Nc3 27. Rxc3 Re1# 1-0

[Event "GER-ch Youth-U14w 2022"]
[Site "Willingen"]
[Date "2022.06.06"]
[Round "3.1"]
[White "Peglau, Dora"]
[Black "Jacobasch, Ronja"]
[Result "1-0"]
[ECO "E81"]
[WhiteElo "2008"]
[BlackElo "1441"]
[Annotator "TA"]
[PlyCount "72"]
[EventDate "2022.06.05"]
[EventType "swiss"]
[EventRounds "9"]
[EventCountry "GER"]
[SourceTitle "playchess.com"]
[Source "ChessBase"]
[SourceQuality "1"]
[TimeControl "40/4500+30:900+30"]

1. d4 Nf6 2. c4 g6 3. f3 Bg7 4. e4 d6 5. Nc3 O-O 6. Be3 a6 7. Qd2 Nbd7 8. Nh3 c5 {[%emt 0:00:00] E81: King's Indian: Sämisch: 6th move deviations (including 6 Be3 c6).} 9. Nf2 cxd4 10. Bxd4 Ne5 {[%emt 0:02:43] White is slightly better.} 11. Be2 Be6 12. b3 {[%emt 0:00:00] [#]} Qc7 $146 (12... Qa5 $11) ({Predecessor:} 12... b5 13. cxb5 Qa5 14. f4 Bh6 15. Be3 Ned7 16. bxa6 Bxb3 17. Rc1 Be6 18. g4 Bg7 19. f5 Rac8 20. fxe6 fxe6 21. O-O Ne5 22. Nd5 Qd8 23. Rxc8 {1-0 (23) Parligras,M (2605)-Antic,D (2495) Budva 2009}) 13. O-O $16 Nc6 {[%emt 0:01:58][%cal Of6e4] [#] ...Nxe4! is the strong threat.} 14. Be3 $1 Rac8 15. Rac1 Qb8 (15... Qa5) 16. Nd3 Bd7 17. f4 ({Better is} 17. Rfd1 $16) 17... e6 (17... Bg4 $14 {is more appropriate.}) 18. g4 {[%emt 0:08:01][%cal Bg2g4,Bg4g5][%mdl 32] White is more active. White leaves nothing to chance now.} e5 (18... Ne7) ({Black should try} 18... Ne8) 19. f5 Rfe8 (19... Kh8 {might work better.} 20. g5 Nxe4 21. Nxe4 gxf5) 20. g5 $18 Nh5 (20... Nxe4 21. Nxe4 Bxf5) 21. Bxh5 gxh5 22. Qe2 f6 23. gxf6 Bxf6 24. Nd5 Rf8 25. Bh6 ({Don't do} 25. Nxf6+ Rxf6 26. Qxh5 Rcf8 $18) 25... Kh8 26. Bxf8 Rxf8 27. Nxf6 Rxf6 28. Qxh5 Qg8+ 29. Kh1 {[%emt 0:00:19] White is clearly winning.} Be8 30. Qh4 Qf8 31. Rf2 Nd4 32. Rg1 {[%emt 0:01:37] And now Rfg2 would win.} Rf7 (32... Nxf5 $142 33. Rxf5 Rxf5 34. exf5 Bc6+ 35. Rg2 b5) 33. Rfg2 Nc6 34. Qg3 {[%emt 0:02:44] Intending Qg8+ and mate.} Ne7 {[%emt 0:00:12] [#] Prevents Qg8+.} 35. Nxe5 $1 Rf6 36. Ng4 Rf7 {[%emt 0:00:00] Weighted Error Value: White=0.23 (precise) /Black=0.48} 1-0

[Event "GER-ch Youth-U14w 2022"]
[Site "Willingen"]
[Date "2022.06.06"]
[Round "3.2"]
[White "Lorenz, Veronika"]
[Black "Wartenberg, Alissa"]
[Result "1-0"]
[ECO "C02"]
[WhiteElo "1510"]
[BlackElo "1741"]
[Annotator "NA COMBH RC"]
[PlyCount "61"]
[EventDate "2022.06.05"]
[EventType "swiss"]
[EventRounds "9"]
[EventCountry "GER"]
[SourceTitle "playchess.com"]
[Source "ChessBase"]
[SourceQuality "1"]
[TimeControl "40/4500+30:900+30"]

1. e4 c5 2. Nf3 e6 3. c3 Nc6 4. d4 d5 5. e5 Qb6 6. Bd3 Bd7 7. dxc5 Bxc5 8. O-O Qc7 9. b4 Bb6 10. Re1 Nge7 11. a4 a6 12. h4 Ng6 13. Qe2 d4 14. h5 Nge7 15. Ba3 Nd5 16. b5 Na5 17. cxd4 Nb3 18. Ra2 Nxd4 19. Nxd4 Bxd4 20. Bd6 Qa5 21. Rc1 axb5 22. Qg4 g6 23. Qxd4 bxa4 24. Qh4 gxh5 25. Be4 Qd8 26. Qxd8+ Kxd8 27. Bxd5 exd5 28. Rc7 b5 29. Nc3 d4 30. Nd5 Be6 {[%emt 0:00:17] #1} 31. Be7+ 1-0

[Event "GER-ch Youth-U14w 2022"]
[Site "Willingen"]
[Date "2022.06.06"]
[Round "3.3"]
[White "Reich, Elisabeth"]
[Black "Braeutigam, Katerina"]
[Result "1-0"]
[ECO "B10"]
[WhiteElo "1457"]
[BlackElo "1860"]
[Annotator "NA RC COMBH"]
[PlyCount "111"]
[EventDate "2022.06.05"]
[EventType "swiss"]
[EventRounds "9"]
[EventCountry "GER"]
[SourceTitle "playchess.com"]
[Source "ChessBase"]
[SourceQuality "1"]
[TimeControl "40/4500+30:900+30"]

1. e4 c6 2. d3 d5 3. Nd2 e5 4. Ngf3 Bd6 5. g3 Nf6 6. Bg2 O-O 7. O-O Nbd7 8. b3 Re8 9. Bb2 Nf8 10. Re1 d4 11. c3 c5 12. Nc4 dxc3 13. Bxc3 Ng6 14. a4 b6 15. Qc2 Rb8 16. h3 a6 17. Nh2 b5 18. axb5 axb5 19. Ba5 Bc7 20. Bxc7 Qxc7 21. Ne3 Be6 22. Ra3 Rec8 23. Rea1 Qd7 24. h4 Ne7 25. Ra7 Rb7 26. Rxb7 Qxb7 27. Nf3 Qb8 28. Qb2 Nc6 29. Rc1 Nd7 30. Nc2 Qd6 31. Nce1 Nb4 32. Bf1 f6 33. Ra1 Nb8 34. Qc3 Qd7 35. Nc2 N8a6 36. Nfe1 Qf7 37. Nxb4 Nxb4 38. Ra3 Qe7 39. Ra1 Qf7 40. Ra3 Qe7 41. Ra1 Nc6 42. Nf3 Nd4 43. Nxd4 cxd4 44. Qa5 b4 45. Rb1 Qc5 46. Qa6 Qc6 47. Qa2 Ra8 48. Qd2 Qc3 49. Qd1 Ra3 50. Rc1 Bxb3 51. Qh5 g6 52. Qh6 Bc2 53. Bh3 Ra6 54. h5 g5 55. Bf5 Ra1 56. Be6+ 1-0

[Event "GER-ch Youth-U14w 2022"]
[Site "Willingen"]
[Date "2022.06.06"]
[Round "3.4"]
[White "Trunz, Michelle"]
[Black "Stepanjan, Marianne"]
[Result "1-0"]
[ECO "D58"]
[WhiteElo "1708"]
[BlackElo "1489"]
[Annotator "NA RC COMBH"]
[PlyCount "69"]
[EventDate "2022.06.05"]
[EventType "swiss"]
[EventRounds "9"]
[EventCountry "GER"]
[SourceTitle "playchess.com"]
[Source "ChessBase"]
[SourceQuality "1"]
[TimeControl "40/4500+30:900+30"]

1. d4 d5 2. c4 e6 3. Nc3 Be7 4. Nf3 Nf6 5. Bg5 h6 6. Bh4 b6 7. e3 O-O 8. Bd3 Bb7 9. O-O Nbd7 10. Qe2 c5 11. Rfd1 cxd4 12. Nxd4 Nc5 13. Ndb5 a6 14. Nd4 Nxd3 15. Qxd3 dxc4 16. Qxc4 Qc8 17. Qb3 e5 18. Nde2 Qg4 19. Bg3 b5 20. f3 Qg5 21. e4 b4 22. Nd5 Nxd5 23. exd5 Rfd8 24. Rd3 Bd6 25. Rad1 a5 26. Bf2 a4 27. Qc2 Rdc8 28. Qd2 Qxd2 29. R3xd2 Ba6 30. Ng3 Bc4 31. Nf5 Bf8 32. d6 Rd8 33. Ne7+ Kh7 34. Nc6 Bxd6 35. Nxd8 1-0

[Event "GER-ch Youth-U14w 2022"]
[Site "Willingen"]
[Date "2022.06.06"]
[Round "3.5"]
[White "Bezsonna, Polina"]
[Black "Fock, Madiha"]
[Result "1/2-1/2"]
[ECO "B90"]
[WhiteElo "1511"]
[BlackElo "1468"]
[Annotator "NA RC COMBH"]
[PlyCount "78"]
[EventDate "2022.06.05"]
[EventType "swiss"]
[EventRounds "9"]
[EventCountry "GER"]
[SourceTitle "playchess.com"]
[Source "ChessBase"]
[SourceQuality "1"]
[TimeControl "40/4500+30:900+30"]

1. e4 c5 2. Nf3 d6 3. d4 cxd4 4. Nxd4 Nf6 5. Nc3 a6 6. Nb3 Nbd7 7. Be3 b5 8. a3 Bb7 9. Bd3 e6 10. h3 Be7 11. Qd2 Rc8 12. O-O d5 13. exd5 Nxd5 14. Nxd5 Bxd5 15. Nd4 O-O 16. Ne2 Nf6 17. Nc3 Bb7 18. Rfd1 Qc7 19. Qe2 Qc6 20. Qf1 h6 21. Be2 Qc7 22. Rd2 Ne4 23. Nxe4 Bxe4 24. c3 Rfd8 25. Rad1 Rxd2 26. Rxd2 Rd8 27. Rxd8+ Qxd8 28. Qd1 Qxd1+ 29. Bxd1 Bd5 30. Kf1 Kf8 31. g3 Bf6 32. Ke2 Ke8 33. Kd2 Kd7 34. Kc2 Kc6 35. Be2 a5 36. b3 Be4+ 37. Kd2 Be7 38. b4 a4 39. Bd4 g6 1/2-1/2

[Event "GER-ch Youth-U14w 2022"]
[Site "Willingen"]
[Date "2022.06.06"]
[Round "3.6"]
[White "Haug, Mara"]
[Black "Müller, Cosima"]
[Result "1-0"]
[ECO "B35"]
[WhiteElo "1394"]
[BlackElo "1389"]
[Annotator "NA RC COMBH"]
[PlyCount "69"]
[EventDate "2022.06.05"]
[EventType "swiss"]
[EventRounds "9"]
[EventCountry "GER"]
[SourceTitle "playchess.com"]
[Source "ChessBase"]
[SourceQuality "1"]
[TimeControl "40/4500+30:900+30"]

1. e4 c5 2. Nf3 Nc6 3. d4 cxd4 4. Nxd4 g6 5. Nc3 Bg7 6. Be3 Nf6 7. Bc4 O-O 8. O-O d6 9. h3 Bd7 10. Qd2 Rc8 11. Bb3 a6 12. Rad1 b5 13. a3 Rc7 14. f4 e6 15. e5 Nxd4 16. Bxd4 dxe5 17. Bb6 exf4 18. Qd6 Ne8 19. Bxc7 Nxc7 20. Qxd7 Qb8 21. Qc6 Rc8 22. Qf3 e5 23. Rd7 Rf8 24. Qc6 Ne8 25. Ne4 h6 26. Rfd1 Nf6 27. Nxf6+ Bxf6 28. Qxf6 Qe8 29. Qxg6+ Kh8 30. Qxh6+ Kg8 31. Qg6+ Kh8 32. Bxf7 Rxf7 33. Rxf7 Qg8 34. Qh6+ Qh7 35. Rd8# 1-0

[Event "GER-ch Youth-U14w 2022"]
[Site "Willingen"]
[Date "2022.06.06"]
[Round "3.7"]
[White "Ottlik, Marie"]
[Black "Flierl, Veronika"]
[Result "0-1"]
[ECO "B13"]
[WhiteElo "1442"]
[BlackElo "1427"]
[Annotator "NA RC COMBH"]
[PlyCount "110"]
[EventDate "2022.06.05"]
[EventType "swiss"]
[EventRounds "9"]
[EventCountry "GER"]
[SourceTitle "playchess.com"]
[Source "ChessBase"]
[SourceQuality "1"]
[TimeControl "40/4500+30:900+30"]

1. e4 c6 2. d4 d5 3. exd5 cxd5 4. Bd3 Nc6 5. c3 Qc7 6. Nd2 Nf6 7. Ngf3 Bg4 8. h3 Bh5 9. O-O e6 10. Re1 Bd6 11. Nf1 O-O 12. Bg5 Nd7 13. Bh4 Rfe8 14. Bg3 Nf8 15. Bxd6 Qxd6 16. Ng3 Bg6 17. Nh4 Bxd3 18. Qxd3 Rab8 19. Nf3 Ng6 20. Nh5 b5 21. a3 Na5 22. Ne5 Nc4 23. Nxc4 bxc4 24. Qe2 Rb3 25. Rab1 Reb8 26. Qd2 Qb6 27. Re2 Qd8 28. Qe3 Qe7 29. Qg3 R8b6 30. f4 f5 31. Qg5 Qe8 32. g4 h6 33. Qxh6 gxh6 34. Nf6+ Kf7 35. Nxe8 Kxe8 36. gxf5 Nxf4 37. Re3 Ke7 38. fxe6 Rxe6 39. Rg3 Ne2+ 40. Kg2 Nxg3 41. Kxg3 Re2 42. Kf3 Rbxb2 43. Rg1 Rf2+ 44. Kg3 Rf6 45. Re1+ Kd6 46. h4 Rb3 47. Re3 Rxa3 48. h5 a5 49. Kh4 a4 50. Rg3 Ra1 51. Rg2 a3 52. Kh3 a2 53. Kh2 Rh1+ 54. Kxh1 a1=Q+ 55. Kh2 Qxc3 0-1

[Event "GER-ch Youth-U14w 2022"]
[Site "Willingen"]
[Date "2022.06.06"]
[Round "3.8"]
[White "Englert, Lin"]
[Black "Hoffmann, Sophia"]
[Result "1-0"]
[ECO "D10"]
[WhiteElo "1503"]
[BlackElo "1289"]
[Annotator "NA RC COMBH"]
[PlyCount "69"]
[EventDate "2022.06.05"]
[EventType "swiss"]
[EventRounds "9"]
[EventCountry "GER"]
[SourceTitle "playchess.com"]
[Source "ChessBase"]
[SourceQuality "1"]
[TimeControl "40/4500+30:900+30"]

1. d4 d5 2. c4 c6 3. Nc3 Nf6 4. cxd5 cxd5 5. Bf4 Nc6 6. e3 e6 7. a3 Bd7 8. Nf3 Be7 9. Bd3 O-O 10. O-O Nh5 11. Bg3 Nxg3 12. fxg3 Bg5 13. Nxg5 Qxg5 14. Rf4 Ne7 15. Qc2 Ng6 16. Rf3 Rac8 17. Qb3 Bc6 18. Raf1 e5 19. h4 Qd8 20. Bxg6 hxg6 21. dxe5 Qd7 22. Rd1 Rcd8 23. Qb4 Qe6 24. Qd4 Rfe8 25. b4 Qxe5 26. b5 Bd7 27. Qxe5 Rxe5 28. Nxd5 Ree8 29. Nc3 Bg4 30. Rxd8 Rxd8 31. Rf4 Be6 32. Rd4 Rc8 33. Ne4 Rc2 34. Rd8+ Kh7 35. Ng5+ 1-0

[Event "GER-ch Youth-U14w 2022"]
[Site "Willingen"]
[Date "2022.06.06"]
[Round "3.9"]
[White "Margaryan, Venera"]
[Black "Göb, Franziska"]
[Result "1/2-1/2"]
[ECO "D10"]
[WhiteElo "1477"]
[BlackElo "1362"]
[Annotator "NA RC COMBH"]
[PlyCount "82"]
[EventDate "2022.06.05"]
[EventType "swiss"]
[EventRounds "9"]
[EventCountry "GER"]
[SourceTitle "playchess.com"]
[Source "ChessBase"]
[SourceQuality "1"]
[TimeControl "40/4500+30:900+30"]

1. d4 d5 2. c4 c6 3. cxd5 cxd5 4. Nc3 Nc6 5. Nf3 Nf6 6. Ne5 Bf5 7. e3 e6 8. g4 Be4 9. f3 Bg6 10. h4 h5 11. Nxg6 fxg6 12. g5 Nd7 13. Bd3 Bd6 14. Bxg6+ Ke7 15. f4 Nb6 16. Bxh5 Nc4 17. Bg4 Bb4 18. Qd3 Qa5 19. a3 Kd7 20. Rb1 Nxa3 21. bxa3 Bxc3+ 22. Bd2 Bxd2+ 23. Qxd2 Qxd2+ 24. Kxd2 Na5 25. Kd3 b6 26. a4 Nc4 27. e4 Kd6 28. e5+ Ke7 29. h5 Rhf8 30. Rhf1 Rab8 31. f5 exf5 32. Rxf5 Rxf5 33. Bxf5 Rf8 34. Bg4 Rf2 35. Be2 Ke6 36. g6 Rg2 37. Ra1 Rg3+ 38. Kc2 Rg2 39. Re1 Ne3+ 40. Kc1 Nf5 41. Bf3 Rg3 1/2-1/2